 Dungeon Crawl Stone Soup version 0.20.0-8-g6b59dc7 (webtiles) character file.

88 tof the Firebug (level 4, -3/33 HPs)
             Began as a Draconian Fire Elementalist on June 1, 2017.
             Slain by Natasha (4 damage)
             ... on level 2 of the Dungeon.
             The game lasted 00:08:46 (1466 turns).

tof the Firebug (Draconian Fire Elementalist)       Turns: 1466, Time: 00:08:46

Health: -3/33      AC:  5    Str: 10    XL:     4   Next: 30%
Magic:  2/7        EV: 12    Int: 16    God:
Gold:   28         SH:  0    Dex: 12    Spells: 4/7 levels left

rFire    + . .     SeeInvis .   (no weapon)
rCold    . . .     Gourm    .   (no shield)
rNeg     . . .     Faith    .   (armour unavailable)
rPois    .         Spirit   .   (helmet restricted)
rElec    .         Reflect  .   (no cloak)
rCorr    .         Harm     .   (no gloves)
MR       .....                  (no boots)
Stlth    ++........             (no amulet)
Regen    0.2/turn               c - ring of protection from fire
MPRegen  0.1/turn               (no ring)

@: slowed, very slow
A: unfitting armour, cold-blooded, AC +5
a: no special abilities


You were on level 2 of the Dungeon.
You were hungry.

You visited 1 branch of the dungeon, and saw 2 of its levels.

You collected 28 gold pieces.

Inventory:

Jewellery
 c - a ring of protection from fire (left hand)
Scrolls
 g - a scroll of teleportation {unknown}
 h - a scroll of enchant weapon {unknown}
 j - a scroll of immolation
Potions
 e - a potion of invisibility {unknown}
 i - a potion of might {unknown}
 k - a potion of haste
Books
 a - a book of Flames

   Spells                             Type                      Level
   a - Flame Tongue                   Conjuration/Fire             1
   b - Throw Flame                    Conjuration/Fire             2
   c - Conjure Flame                  Conjuration/Fire             3
   d - Inner Flame                    Hexes/Fire                   3
   e - Sticky Flame                   Conjuration/Fire             4
   f - Fireball                       Conjuration/Fire             5
Comestibles
 b - a bread ration
 d - 4 chunks of flesh
 f - 3 meat rations


   Skills:
 + Level 2.1 Dodging
 - Level 1.9 Stealth
 + Level 2.3 Spellcasting
 * Level 2.3 Conjurations
 * Level 4.0 Fire Magic


You had 4 spell levels left.
You knew the following spells:

 Your Spells              Type           Power        Failure   Level  Hunger
a - Flame Tongue          Conj/Fire      ##...        5%          1    #......
b - Throw Flame           Conj/Fire      ##....       9%          2    ###....


Dungeon Overview and Level Annotations

Branches:
Dungeon (2/15)

Altars:

Annotations:
D:2 Natasha


Innate Abilities, Weirdness & Mutations

Your plain brown scales are hard. (AC +5)
You cannot fit into any form of body armour.
You are cold-blooded and may be slowed by cold attacks.


Message History

Natasha stares at you and mumbles some strange words.
The magic dart hits you! Natasha claws you but does no damage.
You hit Natasha but do no damage. Natasha claws you. x2
You barely miss Natasha. Natasha claws you.
* * * LOW HITPOINT WARNING * * *
Natasha claws you.
* * * LOW HITPOINT WARNING * * *
Casting: Throw Flame
Confirm with . or Enter, or press ? or * to list all spells.
Aiming: Throw Flame
Press: ? - help, Shift-Dir - straight line, f/p - Natasha
Aim: Natasha (fast)
The puff of flame hits Natasha.
Natasha is lightly wounded.
Natasha claws you but does no damage. x3
You hit Natasha but do no damage.
Natasha is lightly wounded.
Natasha casts a spell.
Natasha claws you.
You die...

##'## #...# #..[#
###)..# ####### #....##
#..... #.########....
#.# #...... #.# #.##..
#.# #@##.#
#.#####h##.##########
#.#....5.÷...†h......
###.#.###.##%#..)......
#.......#.##.#.........
#.#..>.......+.........
#.....######.#.........
#.....+ ..#.........
#.....# ##########..


You could see Natasha and a shadow imp.

Vanquished Creatures
  Natasha (twice) (D:2)
  A dart slug (D:1)
  5 bats (D:1)
  3 giant cockroaches
  4 goblins (D:1)
  3 hobgoblins
  2 jackals (D:2)
  3 frilled lizards (D:1)
  7 kobolds
  5 rats (D:1)
35 creatures vanquished.

Notes
Turn   | Place    | Note
-------+----------+-------------------------------------------
     0 | D:1      | tof the Draconian Fire Elementalist began the quest for the Orb.
     0 | D:1      | Reached XP level 1. HP: 14/14 MP: 3/3
   191 | D:1      | Reached XP level 2. HP: 20/20 MP: 1/5
   708 | D:1      | Learned a level 2 spell: Throw Flame
   890 | D:1      | Reached XP level 3. HP: 26/26 MP: 1/6
  1240 | D:2      | Noticed Natasha
  1243 | D:2      | Killed Natasha
  1348 | D:2      | Noticed Natasha
  1355 | D:2      | Killed Natasha
  1355 | D:2      | Reached skill level 4 in Fire Magic
  1355 | D:2      | Reached XP level 4. HP: 23/33 MP: 0/7
  1413 | D:2      | Noticed Natasha
  1464 | D:2      | HP: 1/33 [Natasha (4)]
  1466 | D:2      | Slain by Natasha

Skill      XL: |  1  2  3 |
---------------+----------+-----
Dodging        | 2 |  2.1
Conjurations   | 2 |  2.3
Fire Magic     | 4 |  4.0
Stealth        | |  1.9
Spellcasting   | |  2.3

Action                   |  1- 3 |  4- 6 || total
-------------------------+-------+-------++-------
Melee: Unarmed           |    38 |    31 ||    69
       Tailslap          |     4 |     1 ||     5
 Cast: Flame Tongue      |    45 |       ||    45
       Throw Flame       |    13 |     3 ||    16
  Use: Scroll            |     1 |       ||     1
  Eat: Chunk             |     3 |       ||     3
Armor: Skin              |    20 |    19 ||    39
Dodge: Dodged            |    32 |    35 ||    67
